 Dungeon Crawl Stone Soup version 0.22-a0-848-ge9e22a0 (webtiles) character file.

2 mhoghedin the Magician (level 1, 6/11 HPs)
             Began as a Kobold Wizard on July 26, 2018.
             Quit the game on level 1 of the Dungeon.
             The game lasted 00:00:25 (23 turns).

mhoghedin the Magician (Kobold Wizard)                Turns: 23, Time: 00:00:26

Health: 6/11       AC:  2    Str:  4    XL:     1   Next: 44%
Magic:  1/4        EV: 15    Int: 19    God:
Gold:   15         SH:  0    Dex: 13    Spells: 5/6 levels left

rFire    . . .     SeeInvis .   (weapon restricted)
rCold    . . .     Gourm    .   (shield restricted)
rNeg     . . .     Faith    .   a - +0 robe
rPois    .         Spirit   .   b - +0 hat
rElec    .         Reflect  .   (no cloak)
rCorr    .         Harm     .   (no gloves)
MR       .....                  (no boots)
Stlth    ++........             (no amulet)
HPRegen  0.03/turn              (no ring)
MPRegen  0.09/turn              (no ring)

@: no status effects
A: small, carnivore
a: no special abilities


You were on level 1 of the Dungeon.
You were not hungry.

You visited 1 branch of the dungeon, and saw 2 of its levels.

You collected 15 gold pieces.

Inventory:

Armour
 a - a +0 robe (worn)
 b - a +0 hat (worn)
Comestibles
 d - a ration


   Skills:
 + Level 0.3 Fighting
 + Level 2.5 Dodging
 + Level 2.8 Stealth
 - Level 3.2 Spellcasting
 - Level 1.0 Conjurations
   Level 1.0 Summonings
   Level 1.0 Translocations


You had 5 spell levels left.
You knew the following spells:

 Your Spells              Type           Power        Failure   Level  Hunger
a - Magic Dart            Conj           #...         10%         1    None

Your spell library contained the following spells:

 Spells                   Type           Power        Failure   Level  Hunger
 Conjure Flame            Conj/Fire      #.......     36%         3    ###....
 Slow                     Hex            #.......     22%         2    ##.....
 Mephitic Cloud           Conj/Pois/Air  #.......     36%         3    ###....
 Blink                    Tloc           N/A          16%         2    ##.....
 Call Imp                 Summ           #.......     16%         2    ##.....


Dungeon Overview and Level Annotations

Branches:
Dungeon (2/15)

Altars:

Annotations:
D:2 exclusion: Terence, Terence


Innate Abilities, Weirdness & Mutations

You are small and have problems with some larger weapons.
You are carnivorous and can eat meat at any time.


Message History

Hello, welcome to Dungeon Crawl Stone Soup 0.22-a0-848-ge9e22a0! (c) Copyright 1997-2002 Linley Henzell, 2002-2018 Crawl DevTeam Read the instructions for legal details. (Options read from mhoghedin.rc.) Welcome, mhoghedin the Kobold Wizard.
Will you be the one to retrieve the fabulous Orb of Zot from the depths?
Found a leather armour and 15 gold pieces.
Found two stairs.
Found a stone staircase leading down.
You now have 15 gold pieces.
A leopard gecko comes into view.
The leopard gecko hisses angrily.
You hear a shout!
A kobold comes into view. It is wielding a dagger.
The leopard gecko moves out of view.
You hear an angry hiss.
Aim: a kobold, wielding a dagger (hasn't noticed you)
The magic dart hits the kobold.
The kobold shouts!
You now have 3/4 mp.
Aim: a kobold, wielding a dagger The magic dart hits the kobold.
You kill the kobold!
You now have 2/4 mp.
Aim: a leopard gecko The magic dart hits the leopard gecko.
A hobgoblin comes into view.
You now have 1/4 mp.
A leopard gecko comes into view.
The leopard gecko bites you.
A giant cockroach comes into view.
You take 2 damage, and have 8/10 hp.
Aim: a leopard gecko (moderately wounded, clinging)
The magic dart hits the leopard gecko.
You kill the leopard gecko!
You now have 0/4 mp.
There is a stone staircase leading down here.
The hobgoblin completely misses you.
You climb downwards.
A bat, a rat and Terence come into view.
Terence is wielding a hand axe of venom.
Found 7 gold pieces.
Found a stone staircase leading down.
There is a stone staircase leading up here.
The hobgoblin closely misses you. The rat barely misses you.
You climb upwards.
The leopard gecko misses you. The leopard gecko bites you.
There is a stone staircase leading down here.
You take 3 damage, and have 6/11 hp.
MASSIVE DAMAGE!!
Unknown command.

##### .....
#...##s.#...
#.....>..#
##§....#.....
#§§§§#.# )..
#§§.§#... .
#..[†##..#
#..g.# #.#
#.r@l# .#
###### ..


You could see a leopard gecko, a hobgoblin and a rat.

Vanquished Creatures
  A leopard gecko (D:1)
  A kobold (D:1)
2 creatures vanquished.

Notes
Turn   | Place    | Note
-------+----------+-------------------------------------------
     0 | D:1      | mhoghedin the Kobold Wizard began the quest for the Orb.
     0 | D:1      | Reached XP level 1. HP: 10/10 MP: 4/4
    20 | D:2      | Noticed Terence
    23 | D:1      | Quit the game

Vault maps used:
D:1:      dpeg_arrival_fog
D:2:      zin_scriptorium, nrook_uturn, minmay_small_reverse_x, uniq_terence,
          uniq_natasha, uniq_jessica

Action                   || total
-------------------------++-------
 Cast: Magic Dart        ||     4
Dodge: Dodged            ||     4

Table legend:
 A = Spawn XP
 B = Non-spawn XP
 C = Spawn XP percentage of total XP
 D = Spawn monster count
 E = Non-spawn monster count
 F = Spawn count percentage of total count
 G = Total turns spent on level
                    A         B        C        D         E        F      G
               +---------+---------+-------+---------+---------+-------+---------
         Total |       0 |       4 |   0.0 |       0 |       2 |   0.0 |    23
               +---------+---------+-------+---------+---------+-------+---------
           D:1 |       0 |       4 |   0.0 |       0 |       2 |   0.0 |    21
               +---------+---------+-------+---------+---------+-------+---------

Vault maps used:
D:1:      dpeg_arrival_fog
D:2:      zin_scriptorium, nrook_uturn, minmay_small_reverse_x, uniq_terence,
          uniq_natasha, uniq_jessica

Table legend:
 A = Turns spent in this place as a percentage of turns spent in the entire game.
 B = Non-inter-level travel turns spent in this place as a percentage of non-inter-level travel turns spent in the entire game.
 C = Inter-level travel turns spent in this place as a percentage of turns spent in this place.
 D = Turns resting spent in this place as a percentage of non-inter-level travel turns spent in this place.
 E = Turns spent auto-exploring this place as a percentage of non-inter-level travel turns spent in this place.
 F = Non-inter-level travel turns spent in this place divided by the number of levels of this place that you've seen.
                   A       B       C       D       E      F
               +-------+-------+-------+-------+-------+----------------------
         Total | 100.0 | 100.0 |   0.0 |   0.0 |  26.1 |  11.5
       Dungeon | 100.0 | 100.0 |   0.0 |   0.0 |  26.1 |  11.5
               +-------+-------+-------+-------+-------+----------------------

Table legend:
 A = Kills in this place as a percentage of kills in entire the game.
 B = Kills by you in this place as a percentage of kills by you in the entire game.
 C = Kills by friends in this place as a percentage of kills by friends in the entire game.
 D = Other kills in this place as a percentage of other kills in the entire game.
 E = Experience gained in this place as a percentage of experience gained in the entire game.
 F = Experience gained in this place divided by the number of levels of this place that you have seen.
                   A       B       C       D       E      F
               +-------+-------+-------+-------+-------+----------------------
         Total | 100.0 | 100.0 |   N/A |   N/A | 100.0 |   2.0
       Dungeon | 100.0 | 100.0 |   N/A |   N/A | 100.0 |   2.0
               +-------+-------+-------+-------+-------+----------------------
